 Dungeon Crawl Stone Soup version 0.26-a0-524-g073066f631 (webtiles) character file.

Game seed: 431770481130152546

145 ANON1729 the Insei (level 5, -1/38 HPs)
             Began as a Demonspawn Transmuter on Aug 13, 2020.
             Slain by Grinder (3 damage)
             ... on level 3 of the Dungeon.
             The game lasted 00:04:57 (3446 turns).

ANON1729 the Insei (Demonspawn Transmuter)          Turns: 3446, Time: 00:04:58

Health: -1/38      AC:  3    Str: 11    XL:     5   Next: 6%
Magic:  8/8        EV: 13    Int: 15    God:
Gold:   137        SH:  0    Dex: 13    Spells: 3/9 levels left

rFire    + . .     SeeInvis .     - Unarmed
rCold    . . .     Faith    .   (no shield)
rNeg     . . .     Spirit   .   u - +0 robe (curse)
rPois    .         Reflect  .   (helmet restricted)
rElec    .         Harm     .   i - +0 cloak
rCorr    .                      (no gloves)
MR       .....                  (no boots)
Stlth    +.........             (no amulet)
HPRegen  0.12/turn              b - ring of protection from fire
MPRegen  0.11/turn              (no ring)

@: no status effects
A: antennae 2, spiny 1
a: no special abilities


You were on level 3 of the Dungeon.
You visited 1 branch of the dungeon, and saw 3 of its levels.

You collected 137 gold pieces.

Inventory:

Armour
 a - a +0 robe
 i - a +0 cloak (worn)
 u - a cursed +0 robe (worn)
Jewellery
 b - a ring of protection from fire (left hand)
 h - a cursed ring of attention {unknown}
 m - a +6 ring of dexterity {unknown}
Scrolls
 d - 2 scrolls of identify {unknown}
 g - 6 scrolls of remove curse {unknown}
 j - a scroll of noise {unknown}
 l - a scroll of enchant armour {unknown}
 n - a scroll of magic mapping {unknown}
 q - 2 scrolls of random uselessness {unknown}
 r - 3 scrolls of blinking {unknown}
 x - a scroll of teleportation {unknown}
Potions
 c - a potion of degeneration {unknown}
 e - a potion of haste {unknown}
 f - a potion of resistance {unknown}
 k - 2 potions of lignification {unknown}
 o - 2 potions of might {unknown}
 p - 2 potions of heal wounds {unknown}
 s - a potion of curing {unknown}
 t - 2 potions of brilliance {unknown}
 v - a potion of berserk rage {unknown}
 w - a potion of mutation {unknown}


   Skills:
 + Level 1.9 Fighting
 + Level 2.4 Dodging
 * Level 3.5 Unarmed Combat
 + Level 2.5 Spellcasting
 * Level 2.9 Transmutations
 + Level 0.6 Poison Magic


You had 3 spell levels left.
You knew the following spells:

 Your Spells              Type           Power        Failure   Level
a - Beastly Appendage     Tmut           ##....       6%          1
b - Wereblood             Tmut           ##......     10%         2
c - Spider Form           Tmut/Pois      #.........   30%         3

Your spell library contained the following spells:

 Spells                   Type           Power        Failure   Level
 Ice Form                 Ice/Tmut       #.......     75%         4
 Blade Hands              Tmut           ##........   87%         5


Dungeon Overview and Level Annotations

Branches:
Dungeon (3/15)

Altars:
Elyvilon
Uskayaw
Vehumet

Annotations:
D:3 Grinder


Innate Abilities, Weirdness & Mutations

You have a pair of antennae on your head.
You are partially covered in sharp spines.


Message History

Grinder is lightly wounded.
Grinder hits you.
* * * LOW HITPOINT WARNING * * *
You hit Grinder but do no damage.
Grinder is lightly wounded.
Grinder gestures at you. You resist with significant effort.
You completely miss Grinder.
Grinder is lightly wounded.
Grinder hits you!
* * * LOW HITPOINT WARNING * * *
You barely miss Grinder.
Grinder is lightly wounded.
Grinder is struck by your spines. Grinder barely misses you.
You barely miss Grinder.
Grinder is lightly wounded.
You closely miss Grinder.
Grinder is lightly wounded.
Grinder hits you.
You die...

..#.....###...####.#
..#......##...####.####
..#..<...##...##......#
..#...........##.#.##.#
..#....#########.#.##.#
..#....# ##_## #.#.##.#
.......# 8...8##.#.##.#
.......##..[..##.#....#
.......#8.....8#@######
.......##.....##5#
.......##8...8##h#
######## #.# #.# #.#
#.# #.#


You could see Grinder and a jackal.

Vanquished Creatures
  A worker ant (D:2)
  5 adders
  2 oozes
  5 worms
  2 dart slugs (D:1)
  5 leopard geckos
  An orc (D:3)
  6 hobgoblins
  4 jackals
  3 kobolds
  A quokka (D:3)
  A ball python (D:1)
  5 bats
  A frilled lizard (D:3)
  3 goblins
  4 rats
49 creatures vanquished.

Notes
Turn   | Place    | Note
-------+----------+-------------------------------------------
     0 | D:1      | ANON1729 the Demonspawn Transmuter began the quest for the
                  | Orb.
     0 | D:1      | Reached XP level 1. HP: 15/15 MP: 3/3
   320 | D:1      | Gained mutation: You have a pair of small antennae on your
                  | head. [demonic ancestry]
   320 | D:1      | Reached XP level 2. HP: 16/21 MP: 5/5
   396 | D:1      | Reached skill level 3 in Unarmed Combat
  1062 | D:2      | HP: 1/21 [worm (9)]
  1063 | D:2      | Gained mutation: You have a pair of antennae on your head.
                  | [demonic ancestry]
  1063 | D:2      | Reached XP level 3. HP: 1/26 MP: 4/6
  1944 | D:2      | Gained mutation: You are partially covered in sharp spines.
                  | [demonic ancestry]
  1944 | D:2      | Reached XP level 4. HP: 7/33 MP: 7/7
  2275 | D:2      | Found a hide-covered altar of Uskayaw.
  2421 | D:3      | Learned a level 2 spell: Wereblood
  2425 | D:3      | Learned a level 3 spell: Spider Form
  3232 | D:3      | Found a radiant altar of Vehumet.
  3366 | D:3      | Reached XP level 5. HP: 28/38 MP: 8/8
  3408 | D:3      | Found a white marble altar of Elyvilon.
  3429 | D:3      | Noticed Grinder
  3443 | D:3      | HP: 1/38 [Grinder (9)]
  3446 | D:3      | Slain by Grinder

Illustrated notes

Levels and vault maps discovered:
D:1:      onia_arrival_handbag, layout_basic, kennysheep_doodads, minivault_14
D:2:      layout_rooms, old_standard_altar
D:3:      minmay_wonky_spiral, layout_basic, nicolae_overflow_hidden_temple,
          nicolae_gozag_seed_capital, vehumet_crystals, minmay_diced_spiral,
          uniq_grinder

Skill      XL: |  1  2 |
---------------+-------+-----
Transmutations | 2 |  2.9
Dodging        | 2 |  2.4
Unarmed Combat | 3 |  3.5
Fighting       | |  1.9
Spellcasting   | |  2.5
Poison Magic   | |  0.6

Action                   |  1- 3 |  4- 6 || total
-------------------------+-------+-------++-------
Melee: Unarmed           |   122 |    81 ||   203
       Kick              |    15 |     2 ||    17
       Punch             |       |     1 ||     1
 Cast: Beastly Appendage |    13 |     5 ||    18
       Spider Form       |       |     1 ||     1
 Stab: Sleeping          |     4 |       ||     4
Armor: Robe              |    28 |     8 ||    36
Dodge: Dodged            |    86 |    40 ||   126

Table legend: (Time is in decaauts)
 A = Elapsed time spent in this place.
 B = Non-inter-level travel time spent in this place.
 C = Inter-level travel time spent in this place.
 D = Time resting spent in this place.
 E = Time spent auto-exploring this place.
 F = Levels seen in this place.
 G = Mean time per level.
                   A        B        C        D        E       F      G
               +--------+--------+--------+--------+--------+-----+--------+
         Total |   3433 |   3380 |     53 |   1848 |   1061 |   3 | 1144.3 |
       Dungeon |   3433 |   3380 |     53 |   1848 |   1061 |   3 | 1144.3 |
               +--------+--------+--------+--------+--------+-----+--------+

Top non-repeatable levels by time:
     D:2: 1399 daAuts
     D:3: 1024 daAuts
     D:1: 1009 daAuts
